 Dungeon Crawl Stone Soup version 0.28.0-53-g5a82cb258f (webtiles) character file.

Game seed: 8133082389602508330

4 Descartes the Magician (level 1, 0/10 HPs)
             Began as a Deep Elf Wanderer on July 16, 2022.
             Slain by a jackal (3 damage)
             ... on level 1 of the Dungeon.
             The game lasted 00:01:05 (207 turns).

Descartes the Magician (Deep Elf Wanderer)           Turns: 207, Time: 00:01:06

Health: 0/10       AC:  2    Str:  5    XL:     1   Next: 50%
Magic:  5/7        EV: 11    Int: 17    God:
Gold:   12         SH:  7    Dex: 17    Spells: 7/8 levels left

rFire   . . .      SeeInvis .   a - +0 dagger
rCold   . . .      Faith    .   d - +2 buckler
rNeg    . . .      Spirit   .   c - +0 robe
rPois   .          Reflect  .   (no helmet)
rElec   .          Harm     .   (no cloak)
rCorr   .          Rampage  .   (no gloves)
Will    .....                   (no boots)
Stlth   ++........              (no amulet)
HPRegen 0.03/turn               (no ring)
MPRegen 0.10/turn               (no ring)

@: no status effects
A: no striking features
a: no special abilities


You were on level 1 of the Dungeon.
You visited 1 branch of the dungeon, and saw 1 of its levels.

You collected 12 gold pieces.

Inventory:

Hand Weapons
 a - a +0 dagger (weapon)
Missiles
 e - 19 stones
Armour
 c - a +0 robe (worn)
 d - a +2 buckler (worn)
Miscellaneous
 b - a piece from Xom's chessboard (15/15)


   Skills:
 - Level 1.0 Throwing
 + Level 0.2 Dodging
 + Level 1.4 Stealth
 + Level 2.4 Shields
 + Level 4.4 Spellcasting
 + Level 0.2 Necromancy
 + Level 2.2 Evocations


You had 7 spell levels left.
You knew the following spells:

 Your Spells              Type           Power      Damage    Failure   Level
a - Pain                  Necr           16%        1d4       19%         1

Your spell library contained the following spells:

 Spells                   Type           Power      Damage    Failure   Level
 Vampiric Draining        Necr           4%         2d6       47%         3


Dungeon Overview and Level Annotations

Branches:
Dungeon (1/15)

Altars:


Message History

Press: ? - help, Shift-Dir - straight line, f/p - jackal
Aim: a jackal (heavily wounded, chance to affect: 65%)
You miscast Pain.
You are very lightly contaminated with residual magic.
Nothing appears to happen.
You block the jackal's attack. The jackal bites you.
You hit the jackal but do no damage.
The jackal is heavily wounded.
You block the jackal's attack.
You hit the jackal.
The jackal is severely wounded.
You block the jackal's attack.
The endoplasm jiggles.
You hit the jackal but do no damage.
The jackal is severely wounded.
You block the jackal's attack. The jackal closely misses you.
You barely miss the jackal.
The jackal is severely wounded.
The jackal bites you but does no damage.
You hit the jackal but do no damage.
The jackal is severely wounded.
The jackal barely misses you. x2
You closely miss the jackal.
The jackal is severely wounded.
You block the jackal's attack.
Your magical contamination has completely faded away.
You hit the jackal but do no damage.
The jackal is severely wounded.
You block the jackal's attack.
The jackal bites you but does no damage.
You closely miss the jackal.
The jackal is severely wounded.
The jackal bites you.
* * * LOW HITPOINT WARNING * * *
You hit the jackal but do no damage.
The jackal is severely wounded.
The jackal barely misses you. x2
You hit the jackal.
You kill the jackal!
You hit the jackal but do no damage. The jackal bites you.
You die...

#..######
#.......#
##....#.#
####.#.#
#.#.#
########.#.#
.........#.#
########.#.#
#@#.# ##h#.#
######..J.#
#.........#
#.####....#
##.#.#
#.....#
#.....#
.......#


You could see an endoplasm and a jackal.

Vanquished Creatures
  2 endoplasms (D:1)
  A jackal (D:1)
3 creatures vanquished.

Notes
Turn   | Place    | Note
-------+----------+-------------------------------------------
     0 | D:1      | Descartes the Deep Elf Wanderer began the quest for the
                  | Orb.
     0 | D:1      | Descartes set off with the following items: a +0 dagger, a
                  | piece from Xom's chessboard (15/15), a +0 robe, a +2
                  | buckler; and the following spell memorised: Pain; and the
                  | following spells available to memorise: Vampiric Draining
     0 | D:1      | Reached XP level 1. HP: 10/10 MP: 7/7
   207 | D:1      | Slain by a jackal

Illustrated notes

Levels and vault maps discovered:
D:1:      dpeg_arrival_three_same_balls, layout_loops_ring

Action                   || total
-------------------------++-------
Melee: Dagger            ||    16
 Cast: Pain              ||     5
Armor: Robe              ||     4
Dodge: Dodged            ||     6
Block: Buckler           ||     7
